 Dungeon Crawl Stone Soup version 0.29.0-5-ge4962eb29e (webtiles) character file.

Game seed: 16109802599840604039

50295 greasedhog the Bludgeoner (level 14, -5/88 HPs)
             Began as a Gargoyle Berserker on Aug 30, 2022.
             Was a High Priest of Trog.
             Killed from afar by a rime drake (36 damage)
             ... with a flash freeze
             ... on level 4 of the Lair of Beasts.
             The game lasted 00:35:06 (20858 turns).

greasedhog the Bludgeoner (Gargoyle Berserker)     Turns: 20858, Time: 00:35:07

Health: -5/88      AC: 30    Str: 29    XL:     14   Next: 54%
Magic:  14/14      EV: 13    Int:  9    God:    Trog [*****.]
Gold:   630        SH:  5    Dex:  1    Spells: 13/13 levels left

rFire   + + +      SeeInvis .   R - +5 great mace "Ogreslayer" {vorpal, rN+}
rCold   x . .      Faith    .   (shield currently unavailable)
rNeg    + + +      Spirit   .   Q - +1 chain mail of Quiet Fog {Harm Will+}
rPois   ∞          Reflect  +   D - +0 helmet
rElec   +          Harm     +   P - +1 cloak "Sykki" {rF+++ rC- rN+++ Dex-3}
rCorr   +          Rampage  .   p - +1 pair of gloves
Will    +++++                   a - +0 pair of boots
Stlth   ..........              d - amulet of reflection
HPRegen 0.24/turn               h - ring "Itoung" {Will+++ EV+4 Str+4 Dex-5}
MPRegen 0.14/turn               t - ring of resist corrosion

@: on berserk cooldown, flying, slowed, very slow
A: sickness immunity, AC +10, big wings, negative energy resistance 1,
electricity resistance, torment resistance 1, petrification resistance
a: Renounce Religion, Berserk, Trog's Hand, Brothers in Arms


You were on level 4 of the Lair of Beasts.
You worshipped Trog.
Trog was extremely pleased with you.
You visited 4 branches of the dungeon, and saw 18 of its levels.
You also visited: Sewer.

You collected 1894 gold pieces.
You spent 1264 gold pieces at shops.

Inventory:

Hand Weapons
 R - the +5 great mace "Ogreslayer" (weapon) {vorpal, rN+}
   (You found it on level 11 of the Dungeon)

   It inflicts extra damage upon your enemies.
   rN:        It protects you from negative energy.
 S - a +2 great mace of flaming
Missiles
 b - 19 poisoned darts (quivered)
 f - 7 javelins
 F - 3 throwing nets
Armour
 a - a +0 pair of boots (worn)
 p - a +1 pair of gloves (worn)
 D - a +0 helmet (worn)
 P - the +1 cloak "Sykki" (worn) {rF+++ rC- rN+++ Dex-3}
   (You bought it in a shop on level 2 of the Orcish Mines)

   Dex:       It affects your dexterity (-3).
   rF:        It renders you almost immune to fire.
   rC:        It makes you vulnerable to cold.
   rN:        It renders you almost immune to negative energy.
 Q - the +1 chain mail of Quiet Fog (worn) {Harm Will+}
   (You took it off an orc warrior on level 11 of the Dungeon)

   Harm:      It increases damage dealt and taken.
   Will:      It increases your willpower.
 V - a +2 cloak
Jewellery
 d - an amulet of reflection (around neck)
 h - the ring "Itoung" (left hand) {Will+++ EV+4 Str+4 Dex-5}
   (You bought it in a shop on level 7 of the Dungeon)

   [ring of evasion]

   EV:        It affects your evasion (+4).
   Str:       It affects your strength (+4).
   Dex:       It affects your dexterity (-5).
   Will:      It greatly increases your willpower.
 t - a ring of resist corrosion (right hand)
 U - a +4 ring of protection
Wands
 e - a wand of flame (18)
 j - a wand of polymorph (8)
 x - a wand of quicksilver (16)
 M - a wand of paralysis (1)
 N - a wand of roots (2)
 O - a wand of mindburst (7)
Scrolls
 c - 4 scrolls of fog
 g - 7 scrolls of enchant armour
 i - 3 scrolls of poison
 k - 2 scrolls of identify
 l - 3 scrolls of vulnerability
 m - 4 scrolls of immolation
 q - 3 scrolls of enchant weapon
 r - 6 scrolls of summoning
 s - 6 scrolls of torment
 u - 2 scrolls of blinking
 y - 3 scrolls of magic mapping
 C - 16 scrolls of teleportation
 J - 2 scrolls of fear
 T - 3 scrolls of silence
Potions
 n - 5 potions of lignification
 o - 3 potions of mutation
 w - 5 potions of heal wounds
 z - 5 potions of attraction
 A - 3 potions of haste
 B - a potion of magic
 E - 2 potions of cancellation
 G - 4 potions of flight
 H - 2 potions of berserk rage
 I - 3 potions of ambrosia
 K - 3 potions of curing
 L - 3 potions of might
Miscellaneous
 v - a phial of floods


   Skills:
 - Level 10.7 Fighting
 * Level 17.7 Maces & Flails
 - Level 10.0 Armour
 * Level 9.7 Dodging
 - Level 5.1 Evocations


You had 13 spell levels left.
You didn't know any spells.
Your spell library was empty.

Dungeon Overview and Level Annotations

Branches:
Dungeon (11/15)            Temple (1/1) D:5            Lair (4/5) D:8
  Swamp (0/4) Lair:3       Spider (0/4) Lair:3          Orc (2/2) D:11
    Elf (0/3) Orc:2         Sewer (visited)
  Slime: Lair:4-5

Altars:
Fedhas
Gozag
Okawaru
Qazlal
Ru
Sif Muna
Wu Jian
Zin

Shops:
D:7 =   D:8 *   Orc:2 **[(*

Annotations:
D:11 exclusion: obsidian statue


Innate Abilities, Weirdness & Mutations

You are immune to sickness and miasma.
Your stone body is resilient. (AC +10)
You are immune to poison.
Your large and strong wings let you fly.
You resist negative energy. (rN+)
You are resistant to electric shocks. (rElec)
You are resistant to unholy torment.
You are immune to petrification.


Message History

You closely miss the rime drake.
The rime drake is almost dead.
The rime drake bites you but does no damage.
You closely miss the rime drake.
The rime drake is almost dead.
A rime drake comes into view.
You closely miss the rime drake.
The rime drake is almost dead.
The rime drake bites you but does no damage.
You pound the rime drake like an anvil!!!
You kill the rime drake!
Trog accepts your kill. The ice encasing you melts away.
A hell rat comes into view.
A manticore comes into view.
You bludgeon the hell rat!!
You kill the hell rat!
Trog accepts your kill.
You hear an angry hiss. x2 3 wyverns and 3 rime drakes come into view.
You are no longer berserk.
You are exhausted.
You feel yourself slow down.
The rime drake hisses angrily.
The wyvern hisses angrily. x2
The rime drake hisses angrily. x2
The hell rat bites you! The basilisk bites you!
You see here a hell rat corpse.
As you read the scroll of fear, it crumbles to dust.
You assume a fearsome visage.
The rime drake looks frightened! x3
The hell rat looks frightened!
The wyvern looks frightened!
The basilisk looks frightened!
The wyvern looks frightened!
The basilisk looks frightened!
The wyvern looks frightened! x2
The manticore looks frightened!
The rime drake looks frightened!
The wyvern looks frightened!
The rime drake looks frightened! x2
Cornered, the rime drake turns to fight!
Cornered, the rime drake turns to fight! x2
Items here: †††††.
The rime drake breathes ice at you.
Keep disrobing?
The flash freeze hits you!!
You feel a painful chill!
You die...

.#######P##.#####
..##............##
.##P.............#
.###............P#
.#.##...........#
.'..#...........#
.##.'...........###
.P###...........#.#
..##.#...#.#P#..@.#
~.~~~....########†#
.~~~~~~..## #k....#
~~≈≈≈≈≈~~.# #lk...#
~≈~≈~≈≈≈~~###.l...#
~≈~.~~~~~~~##lll..#
~≈~.<.~≈~~###kll.k#
~~~~..≈≈~.###...Hk#
~~≈≈~~≈≈~.P########


You could see 2 rime drakes.

Vanquished Creatures
  An ettin (Orc:1)
  Erolcha (Orc:1)
  5 hydras
  2 ogre magi (Orc:2)
  9 two-headed ogres
  A centaur warrior (D:11)
  Erica (Lair:2)
  5 death yaks (Lair:3)
  An orc high priest (Orc:1)
  Amaemon (Lair:1)
  2 deep trolls (Orc:2)
  2 orc knights
  An orc sorcerer (Orc:1)
  An oklob plant (Lair:1)
  2 cyclopes (Orc:2)
  2 black mambas
  3 gargoyles (D:11)
  An orange demon (Lair:1)
  Maggie (D:9)
  8 cane toads
  5 rime drakes
  3 komodo dragons
  2 ice devils (Lair:3)
  A hornet (Lair:3)
  14 trolls
  A meliai (Lair:3)
  3 polar bears
  18 blink frogs
  2 tyrant leeches (Lair:3)
  5 dream sheep (Lair:3)
  A shadow (D:10)
  2 basilisks (Lair:1)
  8 wyverns
  26 yaks
  Duvessa (D:6)
  7 wargs
  2 swamp worms (Lair:3)
  An acid dragon (D:10)
  A swamp drake (D:11)
  4 water moccasins
  An ice beast (D:5)
  16 orc warriors
  20 ogres
  A boggart (D:6)
  11 centaurs
  A phantom (D:6)
  15 bullfrogs
  2 gnoll sergeants (D:6)
  4 scorpions
  3 necrophages
  Dowan (D:6)
  10 killer bees
  2 electric eels (Lair:1)
  7 howler monkeys
  A jelly (D:5)
  17 orc priests
  3 hounds
  2 gnoll boudas
  Crazy Yiuf (D:2)
  2 iguanas
  Ijyb (D:5)
  17 orc wizards
  3 hell rats (Lair:4)
  A mummy (D:5)
  17 gnolls
  13 adders
  A shadow imp (D:6)
  2 white imps
  An ufetubus (D:5)
  4 worms
  2 dart slugs
  70 orcs
  21 ball pythons
  11 endoplasms
  14 giant cockroaches
  3 hobgoblins
  9 kobolds
  8 quokkas
  5 bats
  6 frilled lizards
  4 goblins
  A hobgoblin zombie (D:5)
  A kobold zombie (D:5)
  2 orc zombies (D:5)
  4 rats
  A bush (Lair:1)
499 creatures vanquished.

Vanquished Creatures (others)
  An orc warrior (D:11)
  An orc wizard (D:11)
  10 bushes (Lair:3)
  4 fungi
  7 plants
23 creatures vanquished.

Grand Total: 522 creatures vanquished

Notes
Turn   | Place    | Note
-------+----------+-------------------------------------------
     0 | D:1      | greasedhog the Gargoyle Berserker began the quest for the
                  | Orb.
     0 | D:1      | Reached XP level 1. HP: 14/14 MP: 1/1
   643 | D:1      | Found a faded altar of an unknown god.
   771 | D:1      | Reached XP level 2. HP: 18/20 MP: 2/2
   817 | D:2      | Reached XP level 3. HP: 15/24 MP: 3/3
  1386 | D:2      | Found a runed translucent door.
  1387 | D:2      | Noticed Crazy Yiuf
  1452 | D:2      | Killed Crazy Yiuf
  1453 | D:2      | Reached skill level 4 in Maces & Flails
  1453 | D:2      | Reached XP level 4. HP: 30/30 MP: 4/4
  2298 | D:3      | Reached XP level 5. HP: 33/34 MP: 5/5
  2308 | D:3      | Reached ** piety under Trog
  2357 | D:3      | Reached skill level 5 in Fighting
  2573 | D:3      | Reached skill level 5 in Maces & Flails
  2573 | D:3      | Reached XP level 6. HP: 21/40 MP: 6/6
  2978 | D:4      | Found a glowing drain.
  2989 | Sewer    | Entered a sewer
  3246 | Sewer    | Reached *** piety under Trog
  3758 | D:4      | Reached XP level 7. HP: 42/44 MP: 7/7
  3907 | D:4      | Reached skill level 6 in Maces & Flails
  4324 | D:4      | Reached **** piety under Trog
  4739 | D:5      | Entered Level 5 of the Dungeon
  4739 | D:5      | Noticed Ijyb
  4761 | D:5      | Killed Ijyb
  4774 | D:5      | Reached skill level 5 in Armour
  4783 | D:5      | Reached XP level 8. HP: 50/50 MP: 8/8
  5058 | D:5      | Reached skill level 7 in Maces & Flails
  5144 | D:5      | Found a sacrificial altar of Ru.
  5144 | D:5      | Found an iron altar of Okawaru.
  5495 | D:5      | Found a staircase to the Ecumenical Temple.
  5510 | Temple   | Entered the Ecumenical Temple
  5887 | D:6      | Noticed a yak
  5887 | D:6      | Noticed a yak
  5887 | D:6      | Noticed a yak
  5888 | D:6      | Noticed a yak
  5902 | D:6      | Reached skill level 8 in Maces & Flails
  5903 | D:6      | Noticed a yak
  5929 | D:6      | Killed a yak
  5929 | D:6      | Killed a yak
  5930 | D:6      | Reached XP level 9. HP: 27/54 MP: 9/9
  5940 | D:6      | Reached skill level 9 in Maces & Flails
  6200 | D:6      | Noticed Duvessa
  6202 | D:6      | Noticed Dowan
  6211 | D:6      | Killed Duvessa
  6212 | D:6      | Reached skill level 5 in Dodging
  6224 | D:6      | Killed Dowan
  6512 | D:6      | Identified the +2 ring mail of Space {*Corrode Dex+7}
  6714 | D:7      | Found an opulent altar of Gozag.
  6715 | D:7      | Found Fecento's Jewellery Shop.
  6746 | D:7      | Reached skill level 1 in Evocations
  6766 | D:7      | Reached skill level 10 in Maces & Flails
  6962 | D:7      | Reached XP level 10. HP: 11/59 MP: 10/10
  7608 | D:8      | Found Sewkaokhouna's General Store.
  7617 | D:8      | Bought a potion of degeneration for 14 gold pieces
  7625 | D:8      | Found a staircase to the Lair.
  9172 | D:9      | Reached skill level 11 in Maces & Flails
  9221 | D:9      | Noticed Maggie
  9276 | D:9      | Killed Maggie
  9277 | D:9      | Reached skill level 5 in Evocations
  9479 | D:10     | Entered Level 10 of the Dungeon
  9530 | D:10     | Reached ***** piety under Trog
 10046 | D:10     | Noticed a two-headed ogre
 10051 | D:10     | Killed a two-headed ogre
 10474 | D:11     | Noticed an eight-headed hydra
 10491 | D:11     | Killed an eight-headed hydra
 10492 | D:11     | Reached skill level 12 in Maces & Flails
 10492 | D:11     | Reached XP level 11. HP: 57/67 MP: 11/11
 10871 | D:11     | Identified the +5 great mace "Ogreslayer" {vorpal, rN+}
 11110 | D:11     | Found a staircase to the Orcish Mines.
 11129 | D:11     | Noticed an obsidian statue
 11408 | D:11     | Identified the +1 chain mail of Quiet Fog {Harm Will+}
 11417 | D:11     | Reached skill level 13 in Maces & Flails
 11420 | D:11     | Noticed a centaur warrior
 11428 | D:11     | Killed a centaur warrior
 11670 | D:11     | Identified the +3 dagger "Fiweubbi" {vorpal, rPois rF+
                  | Str-4 Dex+3}
 11852 | Orc:1    | Entered Level 1 of the Orcish Mines
 11852 | Orc:1    | Noticed an orc high priest
 12145 | Orc:1    | Killed an orc high priest
 12146 | Orc:1    | Reached skill level 10 in Fighting
 12205 | Orc:1    | Received a gift from Trog
 12452 | Orc:2    | Entered Level 2 of the Orcish Mines
 12471 | Orc:2    | Noticed a deep troll
 12651 | Orc:2    | Reached XP level 12. HP: 72/78 MP: 12/12
 12710 | Orc:2    | Noticed a two-headed ogre
 12719 | Orc:2    | Reached skill level 14 in Maces & Flails
 12899 | Orc:2    | Killed a two-headed ogre
 12902 | Orc:2    | Noticed a two-headed ogre
 12944 | Orc:2    | Noticed a two-headed ogre
 12946 | Orc:2    | Killed a two-headed ogre
 12947 | Orc:2    | Noticed an ogre mage
 12948 | Orc:2    | Noticed a two-headed ogre
 12999 | Orc:2    | Killed a two-headed ogre
 13002 | Orc:2    | Killed a two-headed ogre
 13005 | Orc:2    | Killed an ogre mage
 13201 | Orc:2    | Noticed a two-headed ogre
 13288 | Orc:2    | Noticed an ogre mage
 13291 | Orc:2    | Killed a two-headed ogre
 13501 | Orc:2    | Killed an ogre mage
 13502 | Orc:2    | Reached skill level 15 in Maces & Flails
 13847 | Orc:2    | Found Anugabru's Weapon Shoppe.
 13874 | Orc:2    | Noticed a two-headed ogre
 13883 | Orc:2    | Killed a two-headed ogre
 13885 | Orc:2    | Noticed a two-headed ogre
 13894 | Orc:2    | Killed a two-headed ogre
 13895 | Orc:2    | Reached skill level 10 in Armour
 13895 | Orc:2    | Reached XP level 13. HP: 42/83 MP: 13/13
 14081 | Orc:2    | Found Kuudi's Assorted Antiques.
 14082 | Orc:2    | Found Patassu's General Store.
 14303 | Orc:2    | Found Zeozy's Antique Armour Emporium.
 14456 | D:7      | Bought the ring "Itoung" {Will+++ EV+4 Str+4 Dex-5} for 895
                  | gold pieces
 14590 | Orc:2    | Found Reumeo's General Store.
 14590 | Orc:2    | Found a staircase to the Elven Halls.
 14627 | Orc:2    | Bought a potion of curing for 36 gold pieces
 15112 | Orc:2    | Bought a masterwork cloak for 275 gold pieces
 15112 | Orc:2    | Identified the +1 cloak "Sykki" {rF+++ rC- rN+++ Dex-3}
                  | (You bought it in a shop on level 2 of the Orcish Mines)
 15127 | Orc:2    | Bought a scroll of fear for 44 gold pieces
 15345 | Orc:1    | Noticed Erolcha
 15644 | Orc:1    | Noticed an ettin
 15711 | Orc:1    | Killed an ettin
 15847 | Orc:1    | Killed Erolcha
 15848 | Orc:1    | Reached skill level 16 in Maces & Flails
 16454 | Lair:1   | Entered Level 1 of the Lair of Beasts
 16719 | Lair:1   | Noticed Amaemon
 16733 | Lair:1   | Killed Amaemon
 17793 | Lair:2   | Noticed Erica
 17820 | Lair:2   | Killed Erica
 18179 | Lair:2   | Gained mutation: Your large and strong wings let you fly.
                  | [Gargoyle growth]
 18179 | Lair:2   | Reached XP level 14. HP: 64/88 MP: 14/14
 18708 | Lair:3   | Found a frozen archway.
 18716 | Lair:3   | Reached skill level 17 in Maces & Flails
 18877 | Lair:3   | Received a gift from Trog
 19048 | Lair:3   | Found a hole to the Spider Nest.
 19418 | Lair:3   | Found a staircase to the Swamp.
 20432 | Lair:4   | Identified the +4 ring mail of Resilience {Str+5}
 20858 | Lair:4   | Killed from afar by a rime drake

Illustrated notes

Levels and vault maps discovered:
D:1:      minmay_arrival_radiant_lines, layout_loops_corners,
          ebering_ecumenical_altar_mist
D:2:      layout_basic, st_stairs_11, uniq_crazy_yiuf_cottage
D:3:      layout_basic, chequers_mini_garden, minmay_misc_feat_alley,
          kennysheep_generic_room_5
D:4:      layout_basic, cheibrodos_sewer_entry_sluice
D:5:      layout_rooms, gammafunk_temple_overflow_statue,
          minmay_temple_entry_glassed_door, minmay_mini_ossuary, uniq_ijyb
D:6:      layout_basic, uniq_duvessa
D:7:      layout_cave_pools, grunt_gozag_breadcrumbs, serial_shops, shop
D:8:      layout_rooms, david_lair_shrubbed, serial_shops, shop,
          minmay_misc_feat_tower
D:9:      minmay_polygon_palace, layout_gridville, serial_bayou_pond_e,
          grunt_ogre_cave, minmay_fractal_squares_gapless_5, uniq_maggie
D:10:     layout_long_grid, solitary_fountain
D:11:     layout_big_octagon, erik_orc_1, roderic_serpentine_path, st_stairs_2,
          minmay_protected_statue
Temple:   nicolae_temple_bog_church
Lair:1:   layout_roguey, minmay_lair_oklob_bushes,
          cheibrodos_lair_caveside_slide, serial_bayou_shore_a, uniq_amaemon
Lair:2:   layout_long_grid, serial_bayou_shore_b, lemuel_fruit_tree,
          grunt_megastairs_3, uniq_erica
Lair:3:   layout_cave_pods, minmay_swamp_entry_worms,
          hellmonk_spider_entry_not_the_bees, portal_ice_cave_demonic_guard,
          minmay_hedge_maze, hangedman_lair_unloving_vines
Lair:4:   layout_roguey, special_room [special_room_mythical_zoo],
          grunt_megastairs_5, infiniplex_staircase_pool_2
Orc:1:    layout_caves, uniq_erolcha
Orc:2:    st_orc_open, layout_caves, serial_shops, nicolae_shop_hallway_stairs

Skill      XL: |  1  2  3  4  5  6  7  8  9 10 11 12 13 14 |
---------------+-------------------------------------------+-----
Fighting       | 4 5 7 10 | 10.7
Maces & Flails | 4 5 6 8 10 12 13 15 16 17 | 17.7
Armour         | 3 5 6 10 | 10.0
Dodging        | 3 5 8 9 |  9.7
Evocations     | 2 5 |  5.1

Action                   |  1- 3 |  4- 6 |  7- 9 | 10-12 | 13-15 || total
-------------------------+-------+-------+-------+-------+-------++-------
Melee: Mace              |    56 |   338 |   273 |       |       ||   667
       Punch             |       |     3 |     5 |     3 |       ||    11
       Flail             |       |       |   138 |    74 |       ||   212
       Morningstar       |       |       |       |   149 |       ||   149
       Great mace        |       |       |       |   269 |   439 ||   708
Invok: Berserk           |     2 |     2 |     6 |    14 |     7 ||    31
       Trog's Hand       |       |     1 |     2 |     4 |     5 ||    12
Evoke: Wand              |       |       |     9 |     1 |       ||    10
       Phial of floods   |       |       |     1 |       |     1 ||     2
  Use: Scroll            |     4 |       |     8 |    11 |     6 ||    29
       Potion            |       |       |       |       |     1 ||     1
 Stab: Paralysed         |       |       |       |     2 |       ||     2
Armor: Ring mail         |    33 |   214 |    99 |    49 |       ||   395
       Scale mail        |       |       |   122 |       |       ||   122
       Swamp dragon scal |       |       |       |   252 |   142 ||   394
       Chain mail        |       |       |       |       |   143 ||   143
Dodge: Dodged            |    36 |   245 |   227 |   349 |   320 ||  1177
Block: Other             |       |       |    70 |   128 |   123 ||   321
       Reflection        |       |       |       |     4 |     2 ||     6
